 Dungeon Crawl Stone Soup version 0.30-a0-304-gdc4b735fe1 (webtiles) character file.

Game seed: 2500407473470696321

9065 ragingrage the Basher (level 11, -1/89 HPs)
             Began as an Armataur Warper on Oct 20, 2022.
             Was an Elder of Cheibriados.
             Shot with a bolt by a yaktaur captain (39 damage)
             ... on level 13 of the Dungeon.
             The game lasted 00:14:46 (12937 turns).

ragingrage the Basher (Armataur Warper)            Turns: 12937, Time: 00:14:47

Health: -1/89      AC: 14    Str: 28    XL:     11   Next: 18%
Magic:  13/13      EV:  8    Int: 23    God:    Cheibriados [****..]
Gold:   512        SH:  5    Dex: 23    Spells: 1/13 levels left

rFire   . . .      SeeInvis .    w - +3 flail (protect)
rCold   + . .      Faith    +    O - +0 buckler
rNeg    . . .      Spirit   .    x - +2 leather armour {rC+}
rPois   +          Reflect  .    h - +0 helmet
rElec   .          Harm     .    W - +0 cloak
rCorr   .          Roll     +    (no gloves)
Will    .....                    B - +0 barding
Stlth   ++........               H - amulet of faith
HPRegen 0.34/turn                A - ring of poison resistance
MPRegen 0.13/turn                L - ring of flight

@: flying, very slow
A: large, rugged brown scales 3, deformed body, armoured tail, roll, long
tongue, awkward tongue
a: Renounce Religion, Bend Time, Temporal Distortion, Slouch


You were on level 13 of the Dungeon.
You worshipped Cheibriados.
Cheibriados was greatly pleased with you.
You visited 2 branches of the dungeon, and saw 13 of its levels.
You also visited: Ossuary.

You collected 512 gold pieces.

Inventory:

Hand Weapons
 a - a +0 mace of flaming
 w - a +3 flail of protection (weapon)
 F - a +2 whip of flaming
 S - a +2 whip of holy wrath
Missiles
 d - 7 boomerangs of dispersal
 q - 3 javelins
 E - 13 boomerangs
 M - 28 poisoned darts (quivered)
 V - a curare-tipped dart
Armour
 h - a +0 helmet (worn)
 x - a +2 leather armour of cold resistance (worn)
 z - a +0 ring mail of fire resistance
 B - a +0 barding (worn)
 O - a +0 buckler (worn)
 P - a +1 chain mail of poison resistance
 R - a +2 ring mail of willpower
 W - a +0 cloak (worn)
Jewellery
 A - a ring of poison resistance (left hand)
 H - an amulet of faith (around neck)
 L - a ring of flight (right hand)
 N - an amulet of the acrobat
Wands
 f - a wand of charming (4)
 n - a wand of flame (29)
Scrolls
 b - 2 scrolls of identify
 c - 5 scrolls of blinking
 e - 4 scrolls of teleportation
 g - 2 scrolls of vulnerability
 r - a scroll of poison
 s - a scroll of fear {unknown}
 t - 4 scrolls of amnesia
 y - a scroll of butterflies {unknown}
 G - 4 scrolls of magic mapping
 I - a scroll of summoning
 J - a scroll of torment {unknown}
 K - a scroll of acquirement {unknown}
 Q - a scroll of immolation {unknown}
 T - a scroll of enchant weapon
Potions
 i - 3 potions of lignification
 j - 4 potions of brilliance
 k - 3 potions of curing
 l - 2 potions of ambrosia
 m - 2 potions of cancellation
 o - 4 potions of mutation
 p - 3 potions of attraction
 u - 3 potions of heal wounds
 v - 3 potions of magic
 C - 2 potions of flight
 D - a potion of invisibility
 U - a potion of might


   Skills:
 + Level 4.1 Fighting
 - Level 14.0 Maces & Flails
 - Level 0.8 Throwing
 + Level 4.8 Armour
 - Level 2.0 Dodging
 + Level 2.2 Shields
 - Level 1.7 Spellcasting
 + Level 5.0 Translocations
 + Level 3.7 Invocations


You had one spell level left.
You knew the following spells:

 Your Spells              Type           Power      Damage    Failure   Level
a - Blink                 Tloc           50%        N/A       3%          2
b - Lesser Beckoning      Tloc           50%        N/A       7%          3
c - Vhi's Electric Charg  Tloc/Air       26%        N/A       21%         3
d - Manifold Assault      Tloc           25%        N/A       24%         4

Your spell library contained the following spells:

 Spells                   Type           Power      Damage    Failure   Level
 Teleport Other           Tloc           25%        N/A       7%          3
 Cigotuvi's Dreadful Rot  Necr/Pois/Air  4%         N/A       28%         2
 Sublimation of Blood     Necr           2%         N/A       28%         2
 Kindle Blastsparks       Fire/Tloc/Air  18%        2d11      28%         3
 Ozocubu's Armour         Ice            2%         N/A       50%         3
 Iskenderun's Mystic Bla  Conj/Tloc      13%        2d5       54%         4
 Fulminant Prism          Conj/Hex       1%         3d6       88%         4
 Petrify                  Tmut/Erth      2%         N/A       88%         4
 Irradiate                Conj/Tmut      1%         3d12      99%         5
 Lee's Rapid Deconstruct  Erth           1%         3d4*      99%         5
 Yara's Violent Unravell  Hex/Tmut       1%         3d3       99%         5
 Ozocubu's Refrigeration  Ice            1%         4d7       100%        7
 Storm Form               Tmut/Air       1%         N/A       100%        7


Dungeon Overview and Level Annotations

Branches:
Dungeon (13/15)            Temple (1/1) D:5          Vaults (0/5) D:13
Ossuary (visited)
   Lair: D:8-11         Orc: D:9-12

Altars:
Ashenzari
Cheibriados
Dithmenos
Elyvilon
Fedhas
Gozag
Hepliaklqana
Kikubaaqudgha
Makhleb
Nemelex Xobeh
Okawaru
Qazlal
Ru
Sif Muna
Trog
Uskayaw
Vehumet
Wu Jian
Xom
Yredelemnul
Zin
The Shining One

Shops:
D:4 :

Annotations:
D:3 3 runed translucent doors, Sobieck's ghost, weakling AtEE; Terence
D:4 exclusion: downstairs


Innate Abilities, Weirdness & Mutations

You are completely covered in rugged brown scales. (AC +3, +7% HP)
Armour fits poorly on your strangely shaped body.
You have a long armoured tail.
You roll when moving toward enemies. (Rampage)
Your long tongue fully drains potion bottles. (2x potion effects)
Your tongue gives you trouble enunciating. (1.5x scroll delay)


Message History

You sock the yaktaur!
You kill the yaktaur!
Cheibriados appreciates the change of pace.
Your Translocations skill increases to level 5!
You see here a +0 arbalest.
You start resting.
HP restored.
You see here a +0 arbalest.
Found a gate to the Vaults.
A centaur warrior comes into view.
Unknown command.
Casting: Vhi's Electric Charge (dangerous; 21% risk of failure)
Confirm with . or Enter, or press ? or * to list all spells.
Okay, then.
You see here a +0 arbalest.
Okay, then.
Unknown command.
You see here a +0 spear.
You see here a +0 arbalest.
A yaktaur comes into view.
A yaktaur captain comes into view.
The yaktaur captain shouts!
A centaur comes into view.
The centaur wields a +0 shortbow.
The centaur shoots an arrow.
The arrow hits you but does no damage.
The yaktaur captain wields a +0 arbalest.
The yaktaur captain shoots a bolt.
The bolt hits you!!
The centaur shoots an arrow.
The arrow hits you.
You hear a shout!
Okay, then.
Okay, then.
As you slowly read the scroll of teleportation, it crumbles to dust.
You feel strangely unstable.
The yaktaur captain shoots a bolt.
The bolt hits you!!
A centaur comes into view.
A centaur warrior comes into view.
Okay, then.
Your surroundings suddenly seem different.
The yaktaur captain shoots a bolt.
The bolt hits you!!!
You die...

..........#
.....c.....#.#
#..........##..
...........##..
#....c.....#
#..
#..........# ##
#.........#
#.......#
#.@....#
##...### #####


You could see a yaktaur captain and a centaur (wandering).

Vanquished Creatures
  2 two-headed ogres (D:10)
  A deep elf pyromancer (D:8)
  Pikel (D:7)
  A yaktaur (D:13)
  2 hornets
  11 yaks
  A wraith (Ossuary)
  3 wyverns
  A steam dragon (D:7)
  A water moccasin (D:8)
  5 orc warriors
  A sky beast (D:6)
  A black bear (D:5)
  2 ogres
  9 centaurs
  A lemure (D:7)
  A phantom (D:6)
  2 kobold brigands
  2 bullfrogs
  2 necrophages
  A gnoll sergeant (D:8)
  A scorpion (D:6)
  21 killer bees
  A howler monkey (D:10)
  3 hounds
  8 orc priests
  A jelly (D:7)
  3 iguanas
  5 orc wizards
  A mummy (Ossuary)
  3 gnolls
  7 adders
  2 worms (D:4)
  3 dart slugs
  40 orcs
  5 endoplasms
  3 giant cockroaches
  9 goblins
  5 hobgoblins
  2 jackals (D:3)
  3 quokkas
  6 ball pythons
  6 bats
  5 frilled lizards
  7 gnoll skeletons (Ossuary)
  13 kobolds
  5 kobold skeletons (Ossuary)
  13 orc skeletons (Ossuary)
  4 rats
236 creatures vanquished.

Vanquished Creatures (collateral kills)
  A wight (D:8)
  A jelly (D:8)
  An orc (D:8)
3 creatures vanquished.

Vanquished Creatures (others)
  A yak (D:10)
  An orc warrior (D:8)
  A bush (D:10)
3 creatures vanquished.

Grand Total: 242 creatures vanquished

Notes
Turn   | Place    | Note
-------+----------+-------------------------------------------
     0 | D:1      | ragingrage the Armataur Warper began the quest for the Orb.
     0 | D:1      | Reached XP level 1. HP: 18/18 MP: 3/3
    61 | D:1      | Found a faded altar of an unknown god.
    65 | D:1      | Reached skill level 2 in Maces & Flails
   475 | D:1      | Reached XP level 2. HP: 25/25 MP: 4/4
   957 | D:2      | Identified the +0 hand axe "Ziuxkuba" {freeze, Str+4}
  1020 | D:2      | Reached skill level 3 in Maces & Flails
  1055 | D:2      | Reached XP level 3. HP: 19/31 MP: 5/5
  1985 | D:3      | Noticed Sobieck's ghost (weakling AtEE)
  1986 | D:3      | Noticed Terence
  2157 | D:3      | Reached skill level 4 in Maces & Flails
  2157 | D:3      | Reached XP level 4. HP: 30/38 MP: 6/6
  2448 | D:3      | Reached XP level 5. HP: 42/43 MP: 7/7
  2684 | D:3      | Found a runed translucent gate.
  2684 | D:3      | Found a runed translucent gate.
  2684 | D:3      | Found a runed translucent gate.
  2861 | D:3      | Learned a level 2 spell: Blink
  2912 | D:4      | Reached skill level 5 in Maces & Flails
  2985 | D:4      | Reached XP level 6. HP: 35/51 MP: 8/8
  3059 | D:4      | Found Vudiggec's Book Shoppe.
  3122 | D:4      | Reached skill level 6 in Maces & Flails
  3897 | D:5      | Entered Level 5 of the Dungeon
  3897 | D:5      | Noticed an orc warrior
  4306 | D:5      | Reached skill level 7 in Maces & Flails
  4356 | D:6      | Reached XP level 7. HP: 34/56 MP: 9/9
  4476 | D:6      | Found a bloodstained altar of Trog.
  5017 | D:6      | Reached skill level 8 in Maces & Flails
  5509 | D:7      | Noticed a steam dragon
  5512 | D:7      | Killed a steam dragon
  5513 | D:7      | Reached XP level 8. HP: 64/64 MP: 10/10
  5532 | D:6      | Reached skill level 9 in Maces & Flails
  5705 | D:7      | Found a sand-covered staircase.
  5710 | Ossuary  | Entered an ossuary
  5995 | D:7      | Reached skill level 10 in Maces & Flails
  6309 | D:7      | Noticed a hornet
  6589 | D:5      | Found a staircase to the Ecumenical Temple.
  6618 | Temple   | Entered the Ecumenical Temple
  6933 | Temple   | Became a worshipper of Cheibriados the Contemplative
  7023 | D:5      | Reached XP level 9. HP: 71/71 MP: 11/11
  7444 | D:7      | Noticed Pikel
  7460 | D:7      | Killed Pikel
  7461 | D:7      | Reached skill level 11 in Maces & Flails
  7623 | D:7      | Reached skill level 12 in Maces & Flails
  8374 | D:8      | Reached * piety under Cheibriados
  8470 | D:8      | Learned a level 3 spell: Lesser Beckoning
  8474 | D:8      | Learned a level 3 spell: Vhi's Electric Charge
  8640 | D:8      | Noticed a deep elf pyromancer
  8852 | D:8      | Killed a deep elf pyromancer
  8853 | D:8      | Reached skill level 13 in Maces & Flails
  9120 | D:8      | Reached XP level 10. HP: 78/78 MP: 12/12
  9148 | D:8      | Reached ** piety under Cheibriados
 10452 | D:9      | Reached skill level 14 in Maces & Flails
 10457 | D:9      | Reached *** piety under Cheibriados
 10797 | D:9      | Reached skill level 1 in Invocations
 10964 | D:10     | Entered Level 10 of the Dungeon
 10993 | D:10     | Noticed a two-headed ogre
 11008 | D:10     | Killed a two-headed ogre
 11213 | D:9      | Learned a level 4 spell: Manifold Assault
 11417 | D:10     | Noticed a two-headed ogre
 11633 | D:10     | Reached **** piety under Cheibriados
 11809 | D:10     | Killed a two-headed ogre
 11810 | D:10     | Reached skill level 1 in Shields
 11810 | D:10     | Reached XP level 11. HP: 47/88 MP: 13/13
 12439 | D:11     | Got the Volume of Air and Jinxing
 12651 | D:11     | You are sucked into a shaft and drop 2 floors!
 12715 | D:13     | Reached skill level 5 in Translocations
 12850 | D:13     | Found a gate to the Vaults.
 12851 | D:13     | Noticed a centaur warrior
 12934 | D:13     | Noticed a yaktaur captain
 12937 | D:13     | Noticed a centaur warrior
 12937 | D:13     | Shot with a bolt by a yaktaur captain

Illustrated notes

Levels and vault maps discovered:
D:1:      saegor_arrival_simple_b, layout_loops_ring,
          hellmonk_ecumenical_altar_arch_garden, minmay_3d_cube
D:2:      layout_basic, hangedman_decor_push, st_stairs_14, minmay_tetromino_i2
D:3:      layout_loops_ring, gammafunk_ghost_split, grunt_ministairs_5,
          dk_noncrumbling_3, minmay_puff, uniq_terence
D:4:      layout_loops_cross, serial_shops, shop
D:5:      layout_gridville, temple_pool_b
D:6:      layout_cave_pods, mainiacjoe_overflow_surrounded_room,
          nicolae_figureground_sparkle
D:7:      layout_basic, enter_ossuary_2, uniq_pikel
D:8:      nicolae_cairo_tiling_very_big, layout_basic, corexii_hall_statues_i,
          minmay_fractal_squares_diagonal_5
D:9:      layout_basic
D:10:     layout_roguey, hangedman_abyss_or_decor_passed,
          kb_lookout_dungeons_type
D:11:     layout_cave_pools, lair_entry_dummy, orc_0_dummy, portal_ice_cave_rime
D:13:     layout_cave_pods, david_vaults_2
Temple:   regret_index_temple_sigil_plot

Skill      XL: |  1  2  3  4  5  6  7  8  9 10 11 |
---------------+----------------------------------+-----
Maces & Flails | 2 3 4 5 7 8 10 13 14 | 14.0
Fighting       | 3 4 |  4.1
Armour         | 4 |  4.8
Invocations    | 3 |  3.7
Dodging        | 2 |  2.0
Translocations | 4 5 |  5.0
Shields        | 1 2 |  2.2
Throwing       | |  0.8
Spellcasting   | |  1.7

Action                   |  1- 3 |  4- 6 |  7- 9 | 10-12 || total
-------------------------+-------+-------+-------+-------++-------
Melee: Mace              |    52 |    29 |    31 |       ||   112
       Tailslap          |     5 |    23 |    51 |    44 ||   123
       Hand axe          |    66 |   118 |       |       ||   184
       Punch             |     1 |     2 |     3 |     2 ||     8
       Flail             |       |       |   326 |   279 ||   605
Throw: Javelin           |     2 |       |       |     1 ||     3
       Boomerang         |     1 |     2 |     4 |       ||     7
       Dart              |       |     5 |     6 |     4 ||    15
 Cast: Vhi's Electric Ch |       |       |       |     1 ||     1
Invok: Bend Time         |       |       |     1 |       ||     1
Evoke: Wand              |       |       |     2 |     2 ||     4
  Use: Scroll            |     4 |     3 |     5 |     8 ||    20
       Potion            |       |       |     1 |     1 ||     2
 Stab: Distracted        |       |       |     2 |       ||     2
       Sleeping          |       |       |       |     1 ||     1
Armor: Leather armour    |    37 |       |   216 |   105 ||   358
       Chain mail        |    21 |    80 |    37 |       ||   138
       Ring mail         |       |       |     8 |    60 ||    68
Dodge: Dodged            |    38 |    31 |   113 |    95 ||   277
Block: Buckler           |       |       |       |    37 ||    37

Table legend: (Time is in decaauts)
 A = Elapsed time spent in this place.
 B = Non-inter-level travel time spent in this place.
 C = Inter-level travel time spent in this place.
 D = Time resting spent in this place.
 E = Time spent auto-exploring this place.
 F = Levels seen in this place.
 G = Mean time per level.
                   A        B        C        D        E       F      G
               +--------+--------+--------+--------+--------+-----+--------+
         Total |  14464 |  13619 |    845 |   2635 |   8601 |  14 | 1033.1 |
       Dungeon |  13866 |  13101 |    765 |   2635 |   8206 |  12 | 1155.5 |
        Temple |    359 |    280 |     79 |      0 |    260 |   1 |  359.0 |
       Ossuary |    238 |    238 |      0 |      0 |    135 |   1 |  238.0 |
               +--------+--------+--------+--------+--------+-----+--------+

Top non-repeatable levels by time:
     D:9: 2066 daAuts
    D:10: 1694 daAuts
     D:8: 1636 daAuts
     D:7: 1411 daAuts
     D:6: 1407 daAuts
     D:4: 1193 daAuts
     D:3: 1104 daAuts
     D:5: 1007 daAuts
     D:2: 935 daAuts
     D:1: 887 daAuts
    D:13: 406 daAuts
  Temple: 359 daAuts
 Ossuary: 238 daAuts
    D:11: 116 daAuts
